 Dungeon Crawl Stone Soup version 0.28-a0-969-g2dcde036d2 (webtiles) character file.

Game seed: 15115040894643392268

34282 BinkBink the Impaler (level 13, -13/122 HPs)
             Began as a Minotaur Monk on Dec 1, 2021.
             Was the Champion of Jiyva.
             Mangled by a caustic shrike simulacrum (46 damage)
             ... in an ice cave.
             The game lasted 00:46:56 (14350 turns).

BinkBink the Impaler (Minotaur Monk)               Turns: 14350, Time: 00:46:57

Health: -13/122    AC: 10    Str: 23    XL:     13   Next: 41%
Magic:  12/12      EV: 19    Int: 11    God:    Jiyva [******]
Gold:   125        SH:  4    Dex: 21    Spells: 12/12 levels left

rFire   . . .      SeeInvis .   u - +0 trident (protect)
rCold   . . .      Faith    .   (no shield)
rNeg    + . .      Spirit   .   w - +4 robe of Augmentation {Str+4 Int+4 Dex+4}
rPois   .          Reflect  .   (helmet restricted)
rElec   .          Harm     .   k - +0 cloak
rCorr   +          Rampage  .   n - +1 pair of gloves
Will    .....                   (no boots)
Stlth   +++.......              (no amulet)
HPRegen 1.90/turn               y - ring of positive energy
MPRegen 0.63/turn               (no ring)

@: no status effects
A: horns 2, retaliatory headbutt, large bone plates 1, camouflage 1, strong 1,
wild magic 1, pseudopods 3, evolution 2, tendrils, engulf
a: Renounce Religion, Oozemancy, Slimify


You were in an ice cave.
You worshipped Jiyva.
Jiyva was exalted by your worship.
You visited 2 branches of the dungeon, and saw 16 of its levels.
You also visited: Bailey and Ice Cave.

You collected 1117 gold pieces.
You spent 992 gold pieces at shops.

Inventory:

Hand Weapons
 u - a +0 trident of protection (weapon)
Missiles
 z - a throwing net (quivered)
Armour
 k - a +0 cloak (worn)
 n - a +1 pair of gloves (worn)
 w - the +4 robe of Augmentation (worn) {Str+4 Int+4 Dex+4}
   (You bought it in a shop on level 2 of the Orcish Mines)

   Str:       It affects your strength (+4).
   Int:       It affects your intelligence (+4).
   Dex:       It affects your dexterity (+4).
 C - a +0 troll leather armour
 D - +1 gold dragon scales
 E - the +3 kite shield of Voracious Happiness {rElec Will+ Dex-2}
   (You found it in a bailey)

   Dex:       It affects your dexterity (-2).
   rElec:     It insulates you from electricity.
   Will:      It increases your willpower.
Jewellery
 y - a ring of positive energy (left hand)
 F - a ring of ice
Wands
 f - a wand of iceblast (8)
 o - a wand of flame (11)
 r - a wand of paralysis (7)
 x - a wand of digging (7)
Scrolls
 c - 2 scrolls of identify
 d - 2 scrolls of noise
 i - a scroll of magic mapping
 j - 4 scrolls of amnesia
 q - a scroll of fog
 v - 7 scrolls of teleportation
 B - a scroll of vulnerability
 H - a scroll of holy word {unknown}
Potions
 a - a potion of flight
 b - a potion of cancellation {unknown}
 e - a potion of resistance {unknown}
 g - 2 potions of curing
 h - 3 potions of degeneration
 l - a potion of might {unknown}
 m - 2 potions of invisibility
 p - a potion of heal wounds {unknown}
 t - a potion of berserk rage {unknown}
 A - a potion of mutation {unknown}


   Skills:
 + Level 13.6 Fighting
 + Level 16.4 Polearms
 * Level 15.1 Armour
 + Level 10.0 Dodging
 - Level 1.5 Stealth


You had 12 spell levels left.
You didn't know any spells.
Your spell library contained the following spells:

 Spells                   Type           Power      Damage    Failure   Level
 Passwall                 Tmut/Erth      0%         N/A       56%         2
 Call Canine Familiar     Summ           0%         N/A       78%         3
 Portal Projectile        Hex/Tloc       0%         N/A       78%         3
 Swiftness                Air            0%         N/A       78%         3
 Leda's Liquefaction      Hex/Erth       0%         N/A       99%         4


Dungeon Overview and Level Annotations

Branches:
Dungeon (14/15)            Temple (0/1) D:7            Lair (0/6) D:11
    Orc (2/2) D:9             Elf (0/3) Orc:2        Bailey (visited)
  IceCv (1/1)
 Vaults: D:13-14

Altars:
Ashenzari
Cheibriados
Dithmenos
Fedhas
Gozag
Nemelex Xobeh
Okawaru
Qazlal
Ru
Trog
Vehumet
Xom
Beogh
Jiyva
Lugonu

Shops:
D:9 [   Orc:1 ?   Orc:2 ([[(

Annotations:
D:3 2 runed translucent doors, JohnySteedPL's ghost, amateur PaAK
D:6 1 runed translucent door
D:12 2 transporters, 4 runed translucent doors


Innate Abilities, Weirdness & Mutations

You have a pair of horns on your head.
You reflexively headbutt those who attack you in melee.
You are partially covered in large bone plates. (SH +4)
Your skin changes colour to match your surroundings (Stealth+).
Your muscles are strong. (Str +2)
Your spells are a little harder to cast, but a little more powerful.
Armour fits poorly on your massive pseudopods.
You have great hidden genetic potential.
You are covered in slimy tendrils that may disarm your opponents.
Your melee attacks may engulf your foes in ooze.


Message History

The caustic shrike simulacrum claws you.
The caustic shrike simulacrum freezes you!!
* * * LOW HITPOINT WARNING * * *
You shudder from the blow and a jelly pops out!
You swap places.
The caustic shrike simulacrum claws your deep troll simulacrum!
The caustic shrike simulacrum freezes your deep troll simulacrum.
Your deep troll simulacrum completely resists.
The caustic shrike simulacrum claws your deep troll simulacrum!!
Your deep troll simulacrum vaporises!
The caustic shrike simulacrum barely misses your azure jelly.
Your alligator simulacrum misses the caustic shrike simulacrum.
Your alligator simulacrum tail-slaps the caustic shrike simulacrum but does no damage.
Your azure jelly is engulfed in freezing vapours.
Your azure jelly misses the caustic shrike simulacrum.
Your azure jelly hits the caustic shrike simulacrum but does no damage.
Your azure jelly misses the caustic shrike simulacrum.
Your azure jelly closely misses the caustic shrike simulacrum.
The caustic shrike simulacrum claws your azure jelly!
The caustic shrike simulacrum freezes your azure jelly!
Your azure jelly resists.
The caustic shrike simulacrum claws your azure jelly!!
The caustic shrike simulacrum freezes your azure jelly!!
Your azure jelly resists.
Your alligator simulacrum bites the caustic shrike simulacrum!
Your alligator simulacrum freezes the caustic shrike simulacrum.
The caustic shrike simulacrum completely resists.
Your alligator simulacrum tail-slaps the caustic shrike simulacrum but does no damage.
Your azure jelly is engulfed in freezing vapours.
Your azure jelly hits the caustic shrike simulacrum.
Your azure jelly freezes the caustic shrike simulacrum.
The caustic shrike simulacrum completely resists.
Your azure jelly hits the caustic shrike simulacrum but does no damage.
Your azure jelly misses the caustic shrike simulacrum.
Your azure jelly hits the caustic shrike simulacrum!
You swap places.
The caustic shrike simulacrum claws you!
* * * LOW HITPOINT WARNING * * *
The caustic shrike simulacrum freezes you!!!
You die...

.n#.Z.#
##'#...#+##
#⌠:##'##)⌠#
###..#.Z.#WW###
#.####...####.#
##...J.........##
#...............#
#....Z..........#
#....@..⌠.......#
#...............#
#...............#
##.............##
#.............#
##...........##
##.#.....#.##
####...####
#...##


You could see a freezing wraith (wandering), a caustic shrike simulacrum (ally
target), a neutral jelly (wandering) (fellow slime) and a friendly alligator
simulacrum (summoned).

Vanquished Creatures
  Harold (D:10)
  A hydra (D:12)
  A centaur warrior (D:12)
  3 two-headed ogres
  2 orc high priests
  2 skeletal warriors (D:12)
  2 obsidian statues (IceCv)
  Pikel (D:7)
  A wizard (D:10)
  2 orc knights
  6 ugly things
  6 cyclopes
  5 orc sorcerers
  Maurice (Orc:1)
  An unseen horror (D:12)
  4 freezing wraiths (IceCv)
  An ice devil (IceCv)
  5 trolls
  A meliai zombie (D:11)
  2 vampires
  6 wraiths
  2 basilisks
  7 yaks
  9 vampire mosquitoes
  A minotaur simulacrum (IceCv)
  3 wargs
  2 acid dragons
  Duvessa (D:7)
  29 orc warriors
  A black bear (D:7)
  A sky beast (D:5)
  4 centaurs
  5 ogres
  An alligator simulacrum (IceCv)
  A phantom (D:4)
  3 bullfrogs
  2 kobold brigands
  A scorpion (D:5)
  3 gnoll sergeants
  Dowan (D:7)
  A lindwurm simulacrum (IceCv)
  17 killer bees
  7 wights
  3 electric eels (D:9)
  6 howler monkeys
  2 bullfrog zombies
  3 centaur zombies
  An iron imp (D:6)
  A gnoll shaman (D:9)
  17 orc priests
  A hound (D:6)
  2 centaur skeletons (D:5)
  2 iguanas (D:6)
  23 orc wizards
  A howler monkey zombie (D:8)
  12 gnolls
  4 adders
  A shadow imp (D:5)
  2 ufetubi
  2 worms
  The ghost of fly the Sneak, a weakling FoDe (D:6)
  88 orcs
  9 ball pythons
  3 endoplasms (D:1)
  3 giant cockroaches
  6 goblins
  3 hobgoblins
  17 kobolds
  2 quokkas
  3 bats (D:1)
  4 frilled lizards
  3 rats
381 creatures vanquished.

Vanquished Creatures (collateral kills)
  3 caustic shrike simulacra (IceCv)
  A death knight (D:11)
  An orc knight (Bailey)
  An orc sorcerer (Orc:2)
  An entropy weaver simulacrum (IceCv)
  A golden dragon simulacrum (IceCv)
  Prince Ribbit (D:5)
  A black bear (D:5)
  An ogre (D:5)
  3 orc priests
  2 orc wizards
  An ufetubus (D:5)
  3 orcs
20 creatures vanquished.

Vanquished Creatures (others)
  A deep elf pyromancer (D:12)
  A gargoyle (D:12)
  7 slime creatures
  A floating eye (shapeshifter) (D:12)
  A scorpion (D:4)
  A wight (D:10)
  A howler monkey (shapeshifter) (D:12)
  3 hounds
  40 jellies
  3 orc priests (Orc:2)
  An orc wizard (D:4)
  A hound skeleton (D:4)
  2 gnolls
  A dart slug (D:3)
  2 endoplasms (D:4)
  12 orcs
  2 ball pythons
  2 bats (D:2)
  2 giant cockroaches (D:2)
  3 goblins (D:10)
  A hobgoblin (D:4)
  A rat (D:2)
  5 plants (D:7)
94 creatures vanquished.

Grand Total: 495 creatures vanquished

Notes
Turn   | Place    | Note
-------+----------+-------------------------------------------
     0 | D:1      | BinkBink the Minotaur Monk began the quest for the Orb.
     0 | D:1      | Reached XP level 1. HP: 19/19 MP: 0/0
   303 | D:1      | Reached XP level 2. HP: 27/27 MP: 1/1
   394 | D:1      | Reached skill level 1 in Armour
   433 | D:1      | Reached skill level 4 in Polearms
  1004 | D:2      | Found a faded altar of an unknown god.
  1027 | D:2      | Reached XP level 3. HP: 30/33 MP: 2/2
  1034 | D:2      | Prayed at the altar of an unknown god.
  1034 | D:2      | Became a worshipper of Jiyva Joimmoe the Shapeless
  1034 | D:2      | Reached * piety under Jiyva
  1034 | D:2      | Reached ** piety under Jiyva
  1085 | D:2      | Reached *** piety under Jiyva
  1497 | D:2      | Gained mutation: Your mind is acute. (Int +2) [Jiyva's
                  | grace]
  1497 | D:2      | Gained mutation: Your mind is very acute. (Int +4) [Jiyva's
                  | grace]
  1497 | D:2      | Gained mutation: You possess an exceptional clarity of
                  | mind. [Jiyva's grace]
  1497 | D:2      | Gained mutation: You are partially covered in iridescent
                  | scales. (AC +2) [Jiyva's grace]
  1731 | D:3      | Found a radiant altar of Vehumet.
  1848 | D:3      | Found a large runed translucent door.
  1849 | D:3      | Found a large runed translucent door.
  1852 | D:3      | Noticed JohnySteedPL's ghost (amateur PaAK)
  2257 | D:3      | Reached **** piety under Jiyva
  2694 | D:4      | Reached XP level 4. HP: 40/40 MP: 3/3
  2720 | D:4      | Noticed an ogre
  2854 | D:4      | Killed a scorpion
  2890 | D:4      | Killed an ogre
  2891 | D:4      | Reached skill level 5 in Polearms
  2891 | D:4      | Reached XP level 5. HP: 47/47 MP: 4/4
  2909 | D:4      | Noticed a phantom
  2956 | D:4      | Killed a phantom
  2957 | D:4      | Reached skill level 6 in Polearms
  3065 | D:4      | Found a sparkling altar of Nemelex Xobeh.
  3299 | D:5      | Entered Level 5 of the Dungeon
  3372 | D:5      | Reached XP level 6. HP: 51/55 MP: 5/5
  3391 | D:5      | Reached ***** piety under Jiyva
  3499 | D:5      | Lost mutation: You possess an exceptional clarity of mind.
                  | [Jiyva's grace]
  3499 | D:5      | Gained mutation: You possess an exceptional clarity of
                  | mind. [Jiyva's grace]
  3499 | D:5      | Gained mutation: Your muscles are strong. (Str +2) [Jiyva's
                  | grace]
  3499 | D:5      | Gained mutation: Your muscles are very strong. (Str +4)
                  | [Jiyva's grace]
  3499 | D:5      | Gained mutation: Your spells are a little harder to cast,
                  | but a little more powerful. [Jiyva's grace]
  3509 | D:5      | Reached skill level 5 in Fighting
  3578 | D:5      | Reached skill level 7 in Polearms
  3579 | D:5      | Reached XP level 7. HP: 46/61 MP: 6/6
  3598 | D:5      | Found a broken altar of Ashenzari.
  3627 | D:5      | Found a bloodstained altar of Trog.
  3693 | D:5      | Noticed Prince Ribbit
  3720 | D:5      | Killed Prince Ribbit
  3726 | D:5      | Reached skill level 8 in Polearms
  3963 | D:5      | Reached skill level 5 in Dodging
  4137 | D:6      | Found a shadowy altar of Dithmenos.
  4154 | D:6      | Reached XP level 8. HP: 70/70 MP: 7/7
  4265 | D:6      | Reached skill level 5 in Armour
  4266 | D:6      | Found a sacrificial altar of Ru.
  4290 | D:6      | Reached skill level 9 in Polearms
  4359 | D:6      | Found a stormy altar of Qazlal.
  4452 | D:6      | Found a snail-covered altar of Cheibriados.
  4700 | D:6      | Found a runed translucent door.
  4717 | D:6      | Found a runed translucent door.
  4718 | D:6      | Noticed fly's ghost (weakling FoDe)
  4848 | D:7      | Noticed Dowan
  4849 | D:7      | Noticed Duvessa
  4858 | D:7      | Killed Duvessa
  4873 | D:7      | Killed Dowan
  4897 | D:7      | Noticed Pikel
  4917 | D:7      | Killed Pikel
  4918 | D:7      | Reached skill level 10 in Polearms
  4918 | D:7      | Reached XP level 9. HP: 75/79 MP: 8/8
  5035 | D:7      | Found a staircase to the Ecumenical Temple.
  5169 | D:7      | Found Vitogaoh's Jewellery Boutique.
  5680 | D:8      | Lost mutation: You are partially covered in iridescent
                  | scales. (AC +2) [Jiyva's grace]
  5680 | D:8      | Lost mutation: You possess an exceptional clarity of mind.
                  | [Jiyva's grace]
  5680 | D:8      | Lost mutation: Your mind is very acute. (Int +4) [Jiyva's
                  | grace]
  5680 | D:8      | Lost mutation: Your mind is acute. (Int +2) [Jiyva's grace]
  5680 | D:8      | Lost mutation: Your muscles are very strong. (Str +4)
                  | [Jiyva's grace]
  5680 | D:8      | Gained mutation: Your translucent skin slightly reduces
                  | your foes' accuracy. (Stealth+) [Jiyva's grace]
  5680 | D:8      | Gained mutation: Your translucent skin reduces your foes'
                  | accuracy. (Stealth+) [Jiyva's grace]
  5680 | D:8      | Gained mutation: Your transparent skin significantly
                  | reduces your foes' accuracy. (Stealth+) [Jiyva's grace]
  5680 | D:8      | Gained mutation: You have a pair of large horns on your
                  | head. [Jiyva's grace]
  5899 | D:8      | Reached ****** piety under Jiyva
  5954 | D:8      | Found an iron altar of Okawaru.
  6004 | D:8      | Reached skill level 11 in Polearms
  6069 | D:8      | Found a blossoming altar of Fedhas.
  6359 | D:9      | Noticed a troll
  6591 | D:9      | Found an opulent altar of Gozag.
  6727 | D:9      | Killed a troll
  6728 | D:9      | Reached skill level 12 in Polearms
  6728 | D:9      | Reached XP level 10. HP: 90/90 MP: 9/9
  7016 | D:9      | Found a staircase to the Orcish Mines.
  7145 | D:9      | Found Ygifoplarr's Antique Armour Shoppe.
  7302 | D:10     | Entered Level 10 of the Dungeon
  7415 | D:10     | Found a flagged portal.
  7455 | D:10     | Noticed Harold
  7481 | D:10     | Killed Harold
  7544 | D:10     | Reached skill level 13 in Polearms
  7646 | D:10     | Noticed a wizard
  7660 | D:10     | Killed a wizard
  7930 | Bailey   | Entered a bailey
  8028 | Bailey   | Noticed an orc knight
  8123 | Bailey   | Noticed an orc knight
  8171 | Bailey   | Slimified an orc knight
  8171 | Bailey   | an orc knight changed into a slime creature
  8184 | Bailey   | Reached XP level 11. HP: 79/99 MP: 10/10
  8190 | Bailey   | Reached skill level 10 in Fighting
  8271 | Bailey   | Slimified an orc knight
  8271 | Bailey   | an orc knight changed into a slime creature
  8301 | Bailey   | Identified the +3 kite shield of Voracious Happiness {rElec
                  | Will+ Dex-2}
  8313 | Bailey   | Noticed an orc knight
  8437 | Bailey   | Killed an orc knight
  8768 | D:11     | Found a staircase to the Lair.
  8812 | D:11     | Noticed a death knight
  8896 | D:11     | Reached skill level 14 in Polearms
  9197 | D:11     | Killed a death knight
  9397 | D:12     | Noticed a brown ugly thing
  9398 | D:12     | Noticed a tengu warrior
  9398 | D:12     | Noticed a deep elf pyromancer
  9416 | D:11     | Killed a brown ugly thing
  9417 | D:11     | Reached skill level 10 in Armour
  9465 | D:12     | Noticed a two-headed ogre
  9685 | D:6      | Killed fly's ghost
  9824 | Orc:1    | Entered Level 1 of the Orcish Mines
  9824 | Orc:1    | Lost mutation: Your transparent skin significantly reduces
                  | your foes' accuracy. (Stealth+) [Jiyva's grace]
  9824 | Orc:1    | Gained mutation: You are covered in slimy tendrils that may
                  | disarm your opponents. [Jiyva's grace]
  9824 | Orc:1    | Gained mutation: Armour fits poorly on your pseudopods.
                  | [Jiyva's grace]
  9824 | Orc:1    | Gained mutation: Armour fits poorly on your large
                  | pseudopods. [Jiyva's grace]
  9824 | Orc:1    | Gained mutation: Armour fits poorly on your massive
                  | pseudopods. [Jiyva's grace]
  9885 | Orc:1    | Noticed an orc sorcerer
  9904 | Orc:1    | Killed an orc sorcerer
  9930 | Orc:1    | Noticed an orc knight
  9963 | Orc:1    | Killed an orc knight
  9979 | Orc:1    | Noticed an orc high priest
  9981 | Orc:1    | Noticed a sixfirhy
 10047 | Orc:1    | Noticed a sixfirhy
 10049 | Orc:1    | Noticed a sixfirhy
 10071 | D:9      | Killed an orc high priest
 10341 | Orc:1    | Noticed Maurice
 10379 | Orc:1    | Killed Maurice
 10446 | Orc:1    | Found Gynilit's Magic Scroll Emporium.
 10454 | Orc:1    | Bought a scroll of identify for 26 gold pieces
 10454 | Orc:1    | Bought a scroll of enchant armour for 97 gold pieces
 10454 | Orc:1    | Bought a scroll of identify for 26 gold pieces
 10454 | Orc:1    | Bought a scroll of identify for 26 gold pieces
 10454 | Orc:1    | Bought 3 scrolls of teleportation for 117 gold pieces
 10454 | Orc:1    | Bought a scroll of noise for 13 gold pieces
 10664 | Orc:2    | Entered Level 2 of the Orcish Mines
 10666 | Orc:2    | Found a shimmering altar of Xom.
 10719 | Orc:2    | Noticed an orc sorcerer
 10745 | Orc:2    | Paralysed by an orc sorcerer for 5 turns
 10749 | Orc:2    | Killed an orc sorcerer
 10867 | Orc:2    | Noticed an orc sorcerer
 10875 | Orc:2    | Noticed an orc knight
 10880 | Orc:2    | Noticed an orc sorcerer
 10902 | Orc:2    | Reached XP level 12. HP: 80/110 MP: 11/11
 10977 | Orc:2    | Paralysed by an orc sorcerer for 2 turns
 11048 | Orc:2    | Noticed an orc high priest
 11108 | Orc:2    | Killed an orc high priest
 11186 | Orc:2    | Found Xodul's Antique Weapon Boutique.
 11187 | Orc:2    | Found Ynwolagoa's Armour Shop.
 11188 | Orc:2    | Found Zerauj's Weapon Shop.
 11192 | Orc:2    | Found Qoree's Armour Boutique.
 11208 | Orc:2    | Paralysed by an orc sorcerer for 2 turns
 11320 | Orc:2    | Reached skill level 15 in Polearms
 11518 | Orc:2    | Found a staircase to the Elven Halls.
 11593 | Orc:2    | Bought the +4 robe of Augmentation {Str+4 Int+4 Dex+4} for
                  | 687 gold pieces
 11593 | Orc:2    | Found the +4 robe of Augmentation {Str+4 Int+4 Dex+4}
 11702 | D:12     | Killed a two-headed ogre
 11771 | D:12     | Found a transporter.
 11772 | D:12     | Found a corrupted altar of Lugonu.
 11903 | D:12     | Identified the +4 robe of Spring Thaw {+Inv rCorr Dex-4}
 12022 | D:12     | Found a transporter.
 12165 | D:12     | Found a large runed translucent door.
 12166 | D:12     | Found a large runed translucent door.
 12174 | D:12     | Found a large runed translucent door.
 12174 | D:12     | Found a large runed translucent door.
 12178 | D:12     | Noticed an eight-headed hydra
 12552 | D:12     | Noticed a seven-headed hydra
 12688 | D:13     | Lost mutation: You have a pair of large horns on your head.
                  | [Jiyva's grace]
 12688 | D:13     | Lost mutation: Your translucent skin reduces your foes'
                  | accuracy. (Stealth+) [Jiyva's grace]
 12688 | D:13     | Gained mutation: You have hidden genetic potential.
                  | [Jiyva's grace]
 12688 | D:13     | Gained mutation: You have great hidden genetic potential.
                  | [Jiyva's grace]
 12688 | D:13     | Gained mutation: Your melee attacks may engulf your foes in
                  | ooze. [Jiyva's grace]
 12688 | D:13     | Lost mutation: Your translucent skin slightly reduces your
                  | foes' accuracy. (Stealth+) [Jiyva's grace]
 12688 | D:13     | Gained mutation: Your skin changes colour to match your
                  | surroundings (Stealth+). [Jiyva's grace]
 13212 | D:13     | Noticed a two-headed ogre
 13221 | D:13     | Killed a two-headed ogre
 13420 | D:12     | Killed a seven-headed hydra
 13458 | D:12     | Noticed a centaur warrior
 13469 | D:12     | Killed a centaur warrior
 13483 | D:12     | Noticed a two-headed ogre
 13490 | D:12     | Killed a two-headed ogre
 13491 | D:12     | Reached XP level 13. HP: 119/119 MP: 12/12
 13500 | D:12     | Identified the +3 leather armour of Vehumet's Hope {Harm
                  | rF+ Regen+ Dex+4}
 13677 | D:14     | Reached skill level 16 in Polearms
 13762 | D:14     | Found a frozen archway.
 13769 | IceCv    | Entered an ice cave
 14070 | IceCv    | Reached skill level 15 in Armour
 14183 | IceCv    | Gained mutation: You are partially covered in large bone
                  | plates. (SH +4) [hidden potential]
 14231 | IceCv    | Reached skill level 10 in Dodging
 14350 | IceCv    | Mangled by a caustic shrike simulacrum

Illustrated notes

Levels and vault maps discovered:
D:1:      psy_arrival_spokes, layout_basic,
          nicolae_concentric_dashed_squares_mild
D:2:      layout_basic, dreamdust_ecumenical_altar_statues,
          minmay_misc_feat_ornament, minmay_randomly_rotated_circles
D:3:      layout_loops_corners, mainiacjoe_overflow_concentric_impassable,
          ebering_ghost_disaster_area, st_stairs_9
D:4:      layout_rooms, lemuel_round_altar
D:5:      layout_loops_cross, ashenzari_altar_1,
          mainiacjoe_overflow_small_starburst, minmay_misc_feat_more_columns,
          hangedman_decor_opposing, uniq_prince_ribbit1
D:6:      layout_basic, slow_altar_1, nicolae_dithmenos_shadow_blocks,
          mainiacjoe_overflow_six_doors_small, lemuel_crystal_altar,
          ebering_ghost_sewer_f, nicolae_underground_beach
D:7:      layout_loops_ring, minmay_temple_entry_overgrown, serial_shops,
          nicolae_lakefront_shop, nrook_uturn, uniq_duvessa, uniq_pikel
D:8:      lemuel_ice_spiral_2, layout_basic, mainiacjoe_overflow_brackets,
          fedhas_bush_and_centaur_altar
D:9:      layout_roguey [special_room_orc], orc_0_dummy, serial_shops,
          nicolae_shop_waterfront, st_stairs_12, kennysheep_flooded_box,
          chequers_serial_rivers_small_b, minmay_crystal_water
D:10:     layout_roguey, enter_bailey_4, minmay_misc_feat_alley,
          minmay_librarian, uniq_harold
D:11:     minmay_spotlight, layout_rooms, lair_entry_dummy
D:12:     gammafunk_corrupted_shrine, layout_basic, wad_floor_pattern_1,
          minmay_hollow_rounded_squares
D:13:     layout_basic
D:14:     layout_loops_ring, david_vaults_3, minmay_holes,
          portal_ice_cave_entry_pillars_four
Orc:1:    nicolae_orc_accident_2, layout_caves, serial_shops, shop, basic_altar,
          mines2_david, uniq_maurice
Orc:2:    st_orc_mages, layout_caves, basic_altar
IceCv:    ice_cave_tombish

Skill      XL: |  1  2  3  4  5  6  7  8  9 10 11 12 13 |
---------------+----------------------------------------+-----
Armour         | 1 2 3 4 6 7 9 12 14 15 | 15.1
Polearms       | 4 5 6 7 8 10 12 13 14 15 16 | 16.4
Fighting       | 4 5 6 7 8 9 11 12 13 | 13.6
Dodging        | 4 5 6 8 9 10 | 10.0
Stealth        | |  1.5

Action                   |  1- 3 |  4- 6 |  7- 9 | 10-12 | 13-15 || total
-------------------------+-------+-------+-------+-------+-------++-------
Melee: Spear             |   122 |   112 |   261 |       |       ||   495
       Headbutt          |     8 |    26 |    83 |   215 |    43 ||   375
       Trident           |       |       |   126 |  1102 |   149 ||  1377
       Pseudopods        |       |       |       |   134 |    45 ||   179
Invok: Slimify           |       |       |       |     2 |       ||     2
  Use: Scroll            |       |       |       |    13 |     2 ||    15
       Potion            |       |       |       |     1 |       ||     1
 Stab: Sleeping          |     6 |     2 |    13 |     3 |     4 ||    28
       Distracted        |       |       |     3 |       |       ||     3
Armor: Robe              |     9 |    20 |    55 |    72 |    30 ||   186
       Gold dragon scale |       |       |       |   228 |       ||   228
Dodge: Dodged            |    49 |    45 |   191 |   398 |    70 ||   753
Block: Other             |       |       |       |       |     1 ||     1

Table legend: (Time is in decaauts)
 A = Elapsed time spent in this place.
 B = Non-inter-level travel time spent in this place.
 C = Inter-level travel time spent in this place.
 D = Time resting spent in this place.
 E = Time spent auto-exploring this place.
 F = Levels seen in this place.
 G = Mean time per level.
                   A        B        C        D        E       F      G
               +--------+--------+--------+--------+--------+-----+--------+
         Total |  13760 |  12772 |    988 |      0 |   8906 |  18 |  764.4 |
       Dungeon |  10999 |  10082 |    917 |      0 |   7545 |  14 |  785.6 |
  Orcish Mines |   1527 |   1456 |     71 |      0 |    762 |   2 |  763.5 |
        Bailey |    683 |    683 |      0 |      0 |    306 |   1 |  683.0 |
      Ice Cave |    549 |    549 |      0 |      0 |    292 |   1 |  549.0 |
               +--------+--------+--------+--------+--------+-----+--------+

Top non-repeatable levels by time:
     D:3: 1075 daAuts
    D:12: 1053 daAuts
     D:9: 1041 daAuts
     D:7: 878 daAuts
     D:2: 869 daAuts
   Orc:2: 857 daAuts
     D:8: 847 daAuts
     D:5: 811 daAuts
     D:1: 810 daAuts
    D:13: 779 daAuts
     D:6: 726 daAuts
    D:11: 703 daAuts
    D:10: 685 daAuts
  Bailey: 683 daAuts
   Orc:1: 670 daAuts
